 Dungeon Crawl Stone Soup version 0.30-a0-830-gfe289a77b0 (webtiles) character file.

Game seed: 995162391924832210

520 avis the Slasher (level 6, -3/51 HPs)
             Began as a Demigod Warper on Feb 28, 2023.
             Slain by a killer bee (5 damage)
             ... on level 4 of the Dungeon on Mar 1, 2023.
             The game lasted 00:19:11 (3951 turns).

avis the Slasher (Demigod Warper)                   Turns: 3951, Time: 00:19:11

Health: -3/51      AC:  7    Str: 12    XL:     6   Next: 69%
Magic:  11/11      EV: 12    Int: 15    God:
Gold:   239        SH:  0    Dex: 21    Spells: 6/8 levels left

rFire   + . .      SeeInvis +    a - +4 dagger (venom)
rCold   . . .      Faith    .    (no shield)
rNeg    . . .      Spirit   .    f - +1 leather armour {rF+}
rPois   .          Reflect  .    e - +1 helmet
rElec   .          Harm     .    (no cloak)
rCorr   .          Rampage  .    s - +0 pair of gloves
Will    .....                    (no boots)
Stlth   ++                       (no amulet)
HPRegen 0.28/turn                q - ring of see invisible
MPRegen 0.12/turn                (no ring)

@: lethally poisoned (-3 -> -7), hasted, very quick
A: high MP 1, forlorn, divine attributes
a: no special abilities


You were on level 4 of the Dungeon.
You visited 1 branch of the dungeon, and saw 5 of its levels.

You collected 239 gold pieces.

Inventory:

Hand Weapons
 a - a +4 dagger of venom (weapon)
 b - a +0 sling
 w - a +0 falchion
Missiles
 d - 7 boomerangs of dispersal (quivered)
 n - 9 javelins
 y - 3 poisoned darts
Armour
 e - a +1 helmet (worn)
 f - a +1 leather armour of fire resistance (worn)
 s - a +0 pair of gloves (worn)
Jewellery
 q - a ring of see invisible (left hand)
 t - a +5 ring of evasion
 A - an amulet of reflection
Wands
 m - a wand of iceblast (9)
Scrolls
 c - a scroll of blinking
 i - a scroll of fear {unknown}
 j - 2 scrolls of torment {unknown}
 p - a scroll of immolation {unknown}
 u - a scroll of teleportation {unknown}
 v - a scroll of enchant armour {unknown}
 z - a scroll of acquirement {unknown}
Potions
 g - a potion of lignification
 h - 2 potions of haste
 k - a potion of heal wounds
 l - a potion of invisibility
 o - 2 potions of degeneration
 r - a potion of berserk rage
 x - 2 potions of magic
 B - a potion of attraction {unknown}
 C - a potion of cancellation {unknown}


   Skills:
 - Level 3.0 Fighting
 - Level 5.0 Long Blades
 * Level 3.8 Ranged Weapons
 - Level 0.8 Throwing
 - Level 0.8 Armour
 - Level 1.7 Dodging
 - Level 1.7 Spellcasting
 - Level 2.6 Translocations


You had 6 spell levels left.
You knew the following spells:

 Your Spells              Type           Power      Damage    Failure   Level
a - Blink                 Tloc           18%        N/A       14%         2

Your spell library contained the following spells:

 Spells                   Type           Power      Damage    Failure   Level
 Lesser Beckoning         Tloc           18%        N/A       14%         2
 Teleport Other           Tloc           9%         N/A       28%         3
 Vhi's Electric Charge    Tloc/Air       10%        N/A       45%         3
 Tukima's Dance           Hex            1%         N/A       65%         3
 Manifold Assault         Tloc           9%         N/A       67%         4
 Passage of Golubria      Tloc           9%         N/A       67%         4
 Anguish                  Hex/Necr       0%         N/A       96%         4
 Arcjolt                  Conj/Air       0%         1d10      100%        5
 Yara's Violent Unravell  Hex/Tmut       0%         3d3       100%        5
 Enfeeble                 Hex            0%         N/A       100%        7
 Maxwell's Capacitive Co  Air            0%         ∞         100%        8


Dungeon Overview and Level Annotations

Branches:
Dungeon (5/15)
 Temple: D:4-7


Innate Abilities, Weirdness & Mutations

You have an increased reservoir of magic. (+10% MP)
You shall have no god before yourself.
Your divine heritage dramatically boosts your attributes as you level up.


Message History

The sling bullet hits the killer bee.
The killer bee is moderately wounded.
The killer bee stings you.
You are poisoned.
The killer bee poisons you! The killer bee barely misses you.
You feel sick.
The killer bee buzzes angrily.
The killer bee barely misses you. The killer bee stings you.
You are more poisoned.
The killer bee poisons you! The killer bee misses you.
You climb upwards.
You feel very sick.
There is a stone staircase leading down here.
Your +4 dagger of venom begins to drip with poison!
a - a +4 dagger of venom (weapon)
You feel sick. The killer bee barely misses you. The killer bee stings you.
You closely miss the killer bee.
The killer bee is moderately wounded.
You feel sick. The killer bee closely misses you.
The killer bee stings you but does no damage.
The killer bee barely misses you. x2
You hit the killer bee.
The killer bee is heavily wounded.
You feel sick. The killer bee misses you. The killer bee stings you.
You closely miss the killer bee.
The killer bee is heavily wounded.
You feel sick. The killer bee closely misses you.
The killer bee barely misses you. The killer bee stings you. x2
You hit the killer bee.
The killer bee is heavily wounded.
You feel sick. The killer bee stings you. The killer bee stings you!
* * * LOW HITPOINT WARNING * * *
The killer bee stings you!
* * * LOW HITPOINT WARNING * * *
The killer bee barely misses you.
You feel yourself speed up.
* * * LOW HITPOINT WARNING * * *
You feel sick. The killer bee barely misses you. The killer bee misses you.
The killer bee barely misses you. The killer bee stings you.
You die...

#####...##.........#
##...>).... ##...#.........#
##.......... ##............#
#...........
##........######...........
##...##### #............
##...## ##............
##...## #.............
#####...#####............. #
####........@.............[..
##
#...........yy...............
.#
#..............###...........
.##
##..............####.........
..# #..............#
#......... ..##
###............## ##.<..####
...# ###...........# #...## #
...# ###.........# ##### ##
...# ##)##....## ##.


You could see 2 killer bees.

Vanquished Creatures
  An ogre (D:5)
  3 scorpions
  2 orc priests
  2 orc wizards
  5 adders
  3 dart slugs
  11 orcs
  5 endoplasms
  3 giant cockroaches
  8 hobgoblins
  2 jackals (D:1)
  5 quokkas
  6 ball pythons
  10 bats
  A frilled lizard (D:1)
  6 goblins
  8 kobolds
  25 rats
106 creatures vanquished.

Notes
Turn   | Place    | Note
-------+----------+-------------------------------------------
     0 | D:1      | avis the Demigod Warper began the quest for the Orb.
     0 | D:1      | Reached XP level 1. HP: 17/17 MP: 5/5
     6 | D:1      | Noticed a swamp worm
     6 | D:1      | Noticed a black mamba
     6 | D:1      | Noticed a hound
     7 | D:1      | Noticed a black bear
     7 | D:1      | Noticed a seven-headed hydra
   166 | D:1      | Reached skill level 2 in Long Blades
   281 | D:1      | Reached XP level 2. HP: 23/24 MP: 7/7
   574 | D:1      | Reached skill level 3 in Long Blades
   846 | D:2      | Reached XP level 3. HP: 29/29 MP: 8/8
  1844 | D:3      | Reached skill level 4 in Long Blades
  1844 | D:3      | Reached XP level 4. HP: 26/37 MP: 9/9
  2623 | D:3      | Upgraded the game from 0.30-a0-824-g6c64550be9 to
                  | 0.30-a0-830-gfe289a77b0
  2697 | D:4      | Reached XP level 5. HP: 42/45 MP: 10/10
  2700 | D:4      | Learned a level 2 spell: Blink
  2849 | D:4      | Reached skill level 5 in Long Blades
  2856 | D:4      | HP: 1/45 [orc/+4 dagger of venom (5)]
  3073 | D:4      | Reached skill level 1 in Ranged Weapons
  3081 | D:4      | Reached XP level 6. HP: 51/51 MP: 11/11
  3673 | D:5      | Entered Level 5 of the Dungeon
  3950 | D:4      | HP: 2/51 [killer bee (8)]
  3951 | D:4      | Slain by a killer bee

Illustrated notes

Levels and vault maps discovered:
D:1:      onia_arrival_zoo_common, layout_rooms, minmay_tetromino_t4
D:2:      layout_loops_ring, basic_altar, serial_rivers,
          chequers_serial_rivers_marsh, chequers_serial_rivers_room_b,
          chequers_serial_rivers_room_a, chequers_serial_rivers_large_b,
          minmay_rat_hole
D:3:      layout_loops_ring, tso_oasis_becter, lightli_temple_of_fire,
          mainiacjoe_overflow_brackets, chequers_serial_rivers_small_b
D:4:      layout_cave_pods, grunt_dithmenos_smoke
D:5:      layout_loops_ring, serial_shops, nicolae_shop_behind_doors

Skill      XL: |  1  2  3  4  5  6 |
---------------+-------------------+-----
Long Blades    | 2 3 4 5 |  5.0
Fighting       | 2 3 |  3.0
Ranged Weapons | 1 3 |  3.8
Throwing       | |  0.8
Armour         | |  0.8
Dodging        | |  1.7
Spellcasting   | |  1.7
Translocations | |  2.6

Action                     |  1- 3 |  4- 6 || total
---------------------------+-------+-------++-------
  Melee: Falchion          |   131 |    56 ||   187
         Punch             |     1 |     1 ||     2
         Dagger            |       |    35 ||    35
   Fire: Sling             |    73 |    72 ||   145
  Throw: Dart              |       |     3 ||     3
    Use: Potion            |       |     6 ||     6
         Scroll            |       |     4 ||     4
 Armour: Leather armour    |    64 |    32 ||    96
  Dodge: Dodged            |   102 |    68 ||   170

Table legend: (Time is in decaauts)
 A = Elapsed time spent in this place.
 B = Non-inter-level travel time spent in this place.
 C = Inter-level travel time spent in this place.
 D = Time resting spent in this place.
 E = Time spent auto-exploring this place.
 F = Levels seen in this place.
 G = Mean time per level.
                   A        B        C        D        E       F      G
               +--------+--------+--------+--------+--------+-----+--------+
         Total |   4042 |   3785 |    257 |    445 |   2345 |   5 |  808.4 |
       Dungeon |   4042 |   3785 |    257 |    445 |   2345 |   5 |  808.4 |
               +--------+--------+--------+--------+--------+-----+--------+

Top non-repeatable levels by time:
     D:4: 1109 daAuts
     D:3: 1016 daAuts
     D:2: 1015 daAuts
     D:1: 805 daAuts
     D:5: 96 daAuts
